 Dungeon Crawl Stone Soup version 0.30-a0-715-gdb4ae3ece1 (webtiles) character file.

Game seed: 12024010482692419512

21957 karrick the Cleaver (level 12, -6/77 HPs)
             Began as a Gargoyle Fighter on Jan 25, 2023.
             Was a High Priest of Okawaru.
             Mangled by a 12-headed hydra (11 damage)
             ... on level 2 of the Lair of Beasts.
             The game lasted 00:24:00 (14277 turns).

karrick the Cleaver (Gargoyle Fighter)             Turns: 14277, Time: 00:24:00

Health: -6/77      AC: 24    Str: 22    XL:     12   Next: 95%
Magic:  12/12      EV:  9    Int: 10    God:    Okawaru [*****.]
Gold:   840        SH: 13    Dex: 19    Spells: 11/11 levels left

rFire   . . .      SeeInvis .    w - +1 war axe of Equivalence {freeze, rC+ rN+ Str+2}
rCold   + + .      Faith    .    Q - +1 buckler {AC+3}
rNeg    + + .      Spirit   .    b - +0 scale mail
rPois   ∞          Reflect  +    z - +2 hat
rElec   +          Harm     .    O - +1 cloak
rCorr   .          Rampage  .    (no gloves)
Will    .....                    (no boots)
Stlth   +                        q - amulet of reflection
HPRegen 0.32/turn                U - +6 ring of dexterity
MPRegen 0.13/turn                T - ring of protection from cold

@: no status effects
A: sickness immunity, AC +8, negative energy resistance 1, electricity
resistance, torment resistance 1, petrification resistance
a: Renounce Religion, Heroism, Finesse, Duel


You were on level 2 of the Lair of Beasts.
You worshipped Okawaru.
Okawaru was extremely pleased with you.
You visited 3 branches of the dungeon, and saw 16 of its levels.

You collected 840 gold pieces.

Inventory:

Hand Weapons
 d - a +4 hand axe of freezing
 w - the +1 war axe of Equivalence (weapon) {freeze, rC+ rN+ Str+2}
   (You found it on level 4 of the Dungeon)

   Str:       It affects your strength (+2).
   rC:        It protects you from cold.
   rN:        It protects you from negative energy.
 Y - a +0 morningstar
Missiles
 x - a throwing net (quivered)
 R - 2 javelins
Armour
 b - a +0 scale mail (worn)
 i - a +2 chain mail of poison resistance
 z - a +2 hat (worn)
 L - a +2 chain mail of willpower
 O - a +1 cloak (worn)
 Q - a +1 buckler of protection (worn)
 V - a +3 leather armour
Jewellery
 q - an amulet of reflection (around neck)
 r - a ring of flight
 T - a ring of protection from cold (right hand)
 U - a +6 ring of dexterity (left hand)
 Z - a ring of see invisible
Wands
 t - a wand of digging (4)
 y - a wand of iceblast (14)
 F - a wand of flame (12)
 K - a wand of paralysis (15)
 M - a wand of mindburst (17)
 N - a wand of polymorph (14)
 W - a wand of quicksilver (1)
Scrolls
 g - 3 scrolls of magic mapping
 h - a scroll of amnesia
 n - 2 scrolls of vulnerability
 u - 4 scrolls of enchant armour
 A - 3 scrolls of immolation
 D - 2 scrolls of enchant weapon
 G - 3 scrolls of fear
 H - 2 scrolls of blinking
 P - a scroll of brand weapon
 X - 4 scrolls of teleportation
Potions
 f - 2 potions of attraction
 j - 3 potions of brilliance
 l - 3 potions of resistance {unknown}
 m - 3 potions of haste {unknown}
 o - a potion of magic {unknown}
 p - 3 potions of heal wounds
 s - 3 potions of cancellation {unknown}
 v - 2 potions of berserk rage {unknown}
 B - 2 potions of lignification {unknown}
 I - 3 potions of mutation {unknown}
 J - 2 potions of flight {unknown}
 S - a potion of ambrosia {unknown}


   Skills:
 + Level 9.9 Fighting
 + Level 13.2 Axes
 + Level 0.3 Throwing
 + Level 10.0 Armour
 + Level 3.1 Stealth
 + Level 11.0 Shields
 + Level 0.9 Invocations
 + Level 1.3 Evocations


You had 11 spell levels left.
You didn't know any spells.
Your spell library contained the following spells:

 Spells                   Type           Power      Damage    Failure   Level
 Apportation              Tloc           0%         N/A       71%         1
 Necrotise                Necr           0%         1d4       71%         1
 Shock                    Conj/Air       0%         1d3       71%         1
 Ignite Poison            Fire/Tmut/Pois 0%         N/A       97%         3
 Ozocubu's Armour         Ice            0%         N/A       97%         3
 Stone Arrow              Conj/Erth      0%         3d7       97%         3
 Passage of Golubria      Tloc           0%         N/A       100%        4
 Sticky Flame             Conj/Fire      0%         2d3       100%        4
 Yara's Violent Unravell  Hex/Tmut       0%         3d3       100%        5
 Ozocubu's Refrigeration  Ice            0%         4d7       100%        7
 Ignition                 Fire           0%         3d3       100%        8
 Lehudib's Crystal Spear  Conj/Erth      0%         10d2      100%        8
 Summon Small Mammal      Summ           Unusable   N/A       N/A         1
 Tukima's Dance           Hex            Unusable   N/A       N/A         3
 Animate Armour           Summ/Erth      Unusable   N/A       N/A         4

Dungeon Overview and Level Annotations

Branches:
Dungeon (13/15)            Temple (1/1) D:6            Lair (2/5) D:9
  Swamp (0/4) Lair:2        Snake (0/4) Lair:2          Orc (0/2) D:9
 Vaults: D:13-14

Altars:
Ashenzari
Cheibriados
Dithmenos
Elyvilon
Fedhas
Gozag
Hepliaklqana
Kikubaaqudgha
Makhleb
Nemelex Xobeh
Okawaru
Qazlal
Ru
Sif Muna
Trog
Uskayaw
Vehumet
Wu Jian
Xom
Yredelemnul
Zin
The Shining One

Shops:
D:7 (   D:9 *

Annotations:
D:8 1 transporter, valliere's ghost, novice DECj
Lair:2 3 runed translucent doors


Innate Abilities, Weirdness & Mutations

You are immune to sickness and miasma.
Your stone body is resilient. (AC +8)
You are immune to poison.
You resist negative energy. (rN+)
You are resistant to electric shocks. (rElec)
You are resistant to unholy torment.
You are immune to petrification.


Message History

You block the wolf's attack. x2; The wolf bites you but does no damage.
You block the 11-headed hydra's attack.
The 11-headed hydra bites you but does no damage.
You block the 11-headed hydra's attack.
The 11-headed hydra bites you but does no damage. x3
The 11-headed hydra barely misses you.
The 11-headed hydra bites you but does no damage. x2
The 11-headed hydra bites you. The 11-headed hydra bites you!
The wolf misses you. The wolf bites you but does no damage.
The water moccasin bites you but does no damage.
You hack one of the 11-headed hydra's heads off!
The ten-headed hydra grows two more!
You slash the 12-headed hydra! You freeze the 12-headed hydra.
The 12-headed hydra is heavily wounded.
You hit the wolf. You freeze the wolf. You closely miss the water moccasin.
You hit the wolf. You freeze the wolf. You slash the wolf! You freeze the wolf.
You kill the wolf!
Okawaru accepts your kill. You block the wolf's attack.
The wolf bites you but does no damage.
You barely miss the 12-headed hydra.
The 12-headed hydra is heavily wounded.
You slash the wolf! You freeze the wolf. You hit the wolf but do no damage.
You barely miss the wolf. You slash the water moccasin!
You freeze the water moccasin.
You kill the water moccasin!
Okawaru accepts your kill. You block the wolf's attack.
The wolf bites you but does no damage. The wolf bites you!
The 12-headed hydra bites you but does no damage.
The 12-headed hydra bites you! x2; The 12-headed hydra bites you.
* * * LOW HITPOINT WARNING * * *
The 12-headed hydra bites you.
* * * LOW HITPOINT WARNING * * *
The 12-headed hydra bites you.
* * * LOW HITPOINT WARNING * * *
The 12-headed hydra bites you but does no damage.
The 12-headed hydra bites you!
* * * LOW HITPOINT WARNING * * *
You block the 12-headed hydra's attack. The 12-headed hydra bites you!
You die...

.......................
........................
....#...#...............
...#....................
........................
..........#.#...........
.........#####........P.
.......### ##.hh......
.....### ##@h§§§.#
.##..# #D§l§..# ..#P.#
#l§§§§## .##.P# #§§§§§.#
.#.### #§§§.$.# ..##
.§§§...# .#.# .§§.....#
#### ...§§..## # ###


You could see a 12-headed hydra (slow), 3 wolves and 2 iguanas.

Vanquished Creatures
  2 catoblepae
  A centaur warrior (D:10)
  2 two-headed ogres
  3 cyclopes
  Maurice (D:8)
  2 cane toads (Lair:1)
  2 kobold demonologists
  2 rime drakes
  3 komodo dragons
  2 tengu conjurers (D:12)
  3 trolls
  3 blink frogs (Lair:2)
  2 slime creatures (D:12)
  A centaur simulacrum (D:12)
  21 yaks
  A vampire (D:11)
  A wraith (D:11)
  3 wyverns
  3 basilisks
  2 steam dragons
  Menkaure (D:6)
  2 vampire mosquitoes (D:12)
  3 nagas (Lair:2)
  An acid dragon (D:12)
  11 water moccasins
  6 black bears
  5 orc warriors
  A sky beast (D:7)
  3 ice beasts
  7 wolves (Lair:2)
  10 centaurs
  6 kobold brigands
  7 bullfrogs
  2 necrophages
  2 scorpions
  2 gnoll sergeants
  9 wights
  13 killer bees
  9 howler monkeys
  A crimson imp (D:4)
  5 hounds
  A jelly (D:5)
  3 orc priests
  3 iguanas
  12 orc wizards
  Natasha (thrice) (D:2)
  7 gnolls
  7 adders
  3 worms
  A dart slug (D:1)
  59 orcs
  5 ball pythons
  6 bats
  4 endoplasms
  A giant cockroach (D:2)
  3 goblins
  10 hobgoblins
  2 jackals (D:3)
  19 kobolds
  4 quokkas
  8 frilled lizards
  2 rats
329 creatures vanquished.

Vanquished Creatures (others)
  A deep elf pyromancer (D:13)
  40 fungi
  51 plants
92 creatures vanquished.

Grand Total: 421 creatures vanquished

Notes
Turn   | Place    | Note
-------+----------+-------------------------------------------
     0 | D:1      | karrick the Gargoyle Fighter began the quest for the Orb.
     0 | D:1      | Reached XP level 1. HP: 14/14 MP: 1/1
   305 | D:1      | Reached skill level 2 in Axes
   305 | D:1      | Reached XP level 2. HP: 18/19 MP: 2/2
   837 | D:2      | Reached XP level 3. HP: 20/23 MP: 3/3
  1061 | D:2      | Reached XP level 4. HP: 26/28 MP: 4/4
  1565 | D:2      | Noticed Natasha
  1573 | D:2      | Killed Natasha
  1824 | D:2      | Noticed Natasha
  1834 | D:2      | Killed Natasha
  1835 | D:2      | Reached skill level 3 in Axes
  1835 | D:2      | Reached XP level 5. HP: 30/32 MP: 5/5
  1857 | D:2      | Noticed Natasha
  1863 | D:2      | Killed Natasha
  1995 | D:3      | Found a faded altar of an unknown god.
  2009 | D:3      | Got Plato's Tractate on Ozone
  2607 | D:3      | Reached skill level 4 in Axes
  2690 | D:4      | Identified the +1 war axe of Equivalence {freeze, rC+ rN+
                  | Str+2}
  2771 | D:4      | Reached XP level 6. HP: 38/38 MP: 6/6
  2868 | D:4      | Found a burning altar of Makhleb.
  2868 | D:4      | Found a shimmering altar of Xom.
  2937 | D:4      | Found a radiant altar of Vehumet.
  2937 | D:4      | Found a hazy altar of Hepliaklqana.
  3098 | D:4      | Noticed a water moccasin
  3113 | D:4      | Killed a water moccasin
  3208 | D:4      | Found a shadowy altar of Dithmenos.
  3208 | D:4      | Found a blossoming altar of Fedhas.
  3244 | D:4      | Reached XP level 7. HP: 36/43 MP: 7/7
  3247 | D:4      | Reached skill level 5 in Axes
  3331 | D:5      | Entered Level 5 of the Dungeon
  3469 | D:5      | Reached skill level 5 in Armour
  3574 | D:5      | Found a white marble altar of Elyvilon.
  3654 | D:5      | Found a basalt altar of Yredelemnul.
  3773 | D:5      | Reached skill level 5 in Shields
  4120 | D:6      | Found a staircase to the Ecumenical Temple.
  4130 | D:6      | Reached XP level 8. HP: 44/48 MP: 8/8
  4134 | D:6      | Reached skill level 6 in Axes
  4140 | Temple   | Entered the Ecumenical Temple
  4363 | Temple   | Became a worshipper of Warmaster Okawaru
  4615 | D:6      | Noticed Menkaure
  4622 | D:6      | Killed Menkaure
  4623 | D:6      | Reached skill level 5 in Fighting
  5129 | D:7      | Reached * piety under Okawaru
  5515 | D:7      | Reached skill level 7 in Axes
  5515 | D:7      | Reached XP level 9. HP: 54/54 MP: 9/9
  5649 | D:7      | Paralysed by a centaur for 2 turns
  5667 | D:7      | Found Lios's Weapon Shop.
  5894 | D:7      | Found an opulent altar of Gozag.
  5919 | D:7      | Reached ** piety under Okawaru
  6722 | D:8      | Noticed Maurice
  6732 | D:8      | Killed Maurice
  6733 | D:8      | Reached skill level 8 in Axes
  6828 | D:8      | Noticed a cyclops
  6843 | D:9      | Killed a cyclops
  6844 | D:9      | Reached XP level 10. HP: 32/61 MP: 10/10
  6946 | D:8      | Reached skill level 1 in Stealth
  6947 | D:8      | Reached skill level 1 in Evocations
  7201 | D:8      | Found a transporter.
  7202 | D:8      | Noticed valliere's ghost (novice DECj)
  7205 | D:8      | Identified the +9 dire flail "Dragonslayer" {pain, Dex+3}
  7205 | D:8      | Identified the +9 giant club of Cheese {spect, Will+ Int+3
                  | SInv Stlth+}
  7205 | D:8      | Noticed a two-headed ogre
  7671 | D:9      | Reached skill level 9 in Axes
  7687 | D:8      | Reached *** piety under Okawaru
  7986 | D:9      | Found a staircase to the Lair.
  8086 | D:9      | Found Waxketem's General Store.
  8190 | D:9      | Found a staircase to the Orcish Mines.
  8387 | D:9      | Reached skill level 10 in Axes
  8392 | D:9      | Reached **** piety under Okawaru
  8578 | D:9      | Reached XP level 11. HP: 59/68 MP: 11/11
  8750 | D:10     | Entered Level 10 of the Dungeon
  9191 | D:10     | Found a stormy altar of Qazlal.
  9442 | D:10     | Noticed a centaur warrior
  9455 | D:10     | Killed a centaur warrior
  9945 | D:10     | Found an ornate altar of the Wu Jian Council.
 10074 | D:11     | Noticed a cyclops
 10082 | D:11     | Killed a cyclops
 10405 | D:11     | Noticed a two-headed ogre
 10426 | D:12     | Noticed a boulder beetle
 10652 | D:11     | Reached skill level 11 in Axes
 10680 | D:11     | Noticed a cyclops
 10689 | D:11     | Killed a cyclops
 10689 | D:11     | Received a gift from Okawaru
 11149 | D:11     | Reached ***** piety under Okawaru
 11190 | D:11     | Killed a two-headed ogre
 11454 | D:12     | Received a gift from Okawaru
 11588 | D:12     | Reached XP level 12. HP: 71/75 MP: 10/12
 11594 | D:12     | Reached skill level 10 in Shields
 11813 | D:12     | Noticed a two-headed ogre
 11821 | D:12     | Killed a two-headed ogre
 11822 | D:12     | Reached skill level 12 in Axes
 11954 | D:13     | Noticed a catoblepas
 12304 | Lair:1   | Entered Level 1 of the Lair of Beasts
 12572 | Lair:1   | Noticed a catoblepas
 12593 | Lair:1   | Killed a catoblepas
 13446 | Lair:2   | Noticed a catoblepas
 13473 | Lair:2   | Killed a catoblepas
 13667 | Lair:2   | Found a white marble altar of Elyvilon.
 13683 | Lair:2   | Reached skill level 13 in Axes
 13882 | Lair:2   | Identified the +3 plate armour of Uwkoafedwe {rC- Int+6
                  | SInv} (Okawaru gifted it to you on level 2 of the Lair of
                  | Beasts)
 13882 | Lair:2   | Received a gift from Okawaru
 13888 | Lair:2   | Reached skill level 10 in Armour
 13965 | Lair:2   | Identified the +6 falchion "Fipryeb" {venom, rN+ Will-
                  | MP+9}
 14038 | Lair:2   | Found a runed translucent gate.
 14044 | Lair:2   | Found a runed translucent gate.
 14045 | Lair:2   | Found a runed translucent gate.
 14211 | Lair:2   | Found a staircase to the Snake Pit.
 14267 | Lair:2   | Found a staircase to the Swamp.
 14267 | Lair:2   | Noticed a seven-headed hydra
 14277 | Lair:2   | Mangled by a 12-headed hydra

Illustrated notes

Levels and vault maps discovered:
D:1:      nzn_arrival_water_spiral, layout_loops_ring
D:2:      layout_basic, uniq_natasha
D:3:      layout_loops_ring, shapermc_ecumenical_altar_rom_forum
D:4:      layout_rooms, grunt_temple_overflow_champion_of_chaos,
          nicolae_overflow_two_pavilions, mainiacjoe_overflow_divided_tiny,
          minmay_misc_feat_roman, minivault_23
D:5:      layout_loops_ring, kennysheep_ying_yang
D:6:      layout_basic, minmay_temple_entry_crystal_x, minmay_misc_feat_hallway,
          uniq_menkaure
D:7:      layout_basic, pf_just_have_faith, serial_shops,
          nicolae_shop_bloodbath_and_beyond, hangedman_minor_gate_pass
D:8:      layout_cave_pools, gammafunk_ghost_smash, kennysheep_generic_room_8,
          uniq_maurice
D:9:      layout_roguey, due_lair_maze_entry_diamond, hiddenorc1_lemuel,
          serial_shops, nicolae_shop_crystal
D:10:     layout_loops_corners, mainiacjoe_overflow_24_doors, lemuel_round_altar
D:11:     layout_grid_maze
D:12:     layout_rooms
D:13:     layout_basic
Temple:   chequers_temple_sunken
Lair:1:   layout_small_grid, serial_bayou_shore_b, lemuel_fruit_tree
Lair:2:   layout_hall_layers, minmay_swamp_entry_reptiles,
          nicolae_snake_entry_squirm, gammafunk_ghost_cemetery,
          serial_bayou_pond_b, lemuel_centaur_altar

Skill      XL: |  1  2  3  4  5  6  7  8  9 10 11 12 |
---------------+-------------------------------------+-----
Axes           | 2 3 4 5 7 8 10 11 13 | 13.2
Armour         | 4 5 6 8 9 10 | 10.0
Fighting       | 4 5 6 7 8 9 |  9.9
Shields        | 4 5 6 7 8 9 11 | 11.0
Stealth        | 2 3 |  3.1
Evocations     | 1 |  1.3
Throwing       | |  0.3
Invocations    | |  0.9

Action                     |  1- 3 |  4- 6 |  7- 9 | 10-12 || total
---------------------------+-------+-------+-------+-------++-------
  Melee: War axe           |   101 |   173 |   276 |   694 ||  1244
  Throw: Throwing net      |       |       |     2 |       ||     2
 Invoke: Heroism           |       |       |     1 |     7 ||     8
  Evoke: Wand              |       |       |     7 |     3 ||    10
    Use: Potion            |       |     1 |     4 |    11 ||    16
         Scroll            |       |       |       |    22 ||    22
   Stab: Petrified         |       |       |       |     6 ||     6
 Armour: Scale mail        |    68 |    62 |   171 |   392 ||   693
  Dodge: Dodged            |    49 |    55 |    99 |   258 ||   461
  Block: Buckler           |    26 |    83 |   131 |   480 ||   720
         Reflection        |       |     1 |     6 |    20 ||    27

Table legend: (Time is in decaauts)
 A = Elapsed time spent in this place.
 B = Non-inter-level travel time spent in this place.
 C = Inter-level travel time spent in this place.
 D = Time resting spent in this place.
 E = Time spent auto-exploring this place.
 F = Levels seen in this place.
 G = Mean time per level.
                   A        B        C        D        E       F      G
               +--------+--------+--------+--------+--------+-----+--------+
         Total |  14495 |  14021 |    474 |    451 |  10940 |  16 |  905.9 |
       Dungeon |  12241 |  11850 |    391 |    451 |   9095 |  13 |  941.6 |
        Temple |    303 |    252 |     51 |      0 |    242 |   1 |  303.0 |
          Lair |   1950 |   1919 |     31 |      0 |   1602 |   2 |  975.0 |
               +--------+--------+--------+--------+--------+-----+--------+

Top non-repeatable levels by time:
    D:11: 1437 daAuts
     D:7: 1371 daAuts
    D:10: 1286 daAuts
     D:9: 1216 daAuts
     D:2: 1199 daAuts
  Lair:1: 1132 daAuts
     D:6: 1080 daAuts
     D:1: 834 daAuts
     D:8: 827 daAuts
  Lair:2: 817 daAuts
    D:12: 785 daAuts
     D:3: 765 daAuts
     D:5: 756 daAuts
     D:4: 665 daAuts
  Temple: 303 daAuts
